 Dungeon Crawl Stone Soup version bcrawl-1.19.1 (webtiles) character file.

Game seed: 15115263680210026054

201816 diana the Executioner (level 17, -3/152 HPs)
             Began as a Minotaur Sloth Apostle on Nov 28, 2019.
             Was the Champion of Cheibriados.
             Killed from afar by a deep elf mage (34 damage)
             ... with a bolt of lightning
             ... on level 2 of the Elven Halls.
             The game lasted 00:53:43 (33120 turns).

diana the Executioner (Minotaur Sloth Apostle)     Turns: 33120, Time: 00:53:44

Health: -3/152     AC: 25    Str: 46    XL:     17   Next: 92%
Magic:  26/26      EV:  7    Int: 24    God:    Cheibriados [******]
Gold:   2106       SH: 26    Dex: 28    Spells: 17/18 levels left

rFire    . . .     SeeInvis +   Q - +3 broad axe "Wames" {chop, +Rage Str+8 Dex-2 SInv}
rCold    + . .     Gourm    .   j - +0 large shield
rNeg     . . .     Faith    .   W - +2 plate armour {rC+}
rPois    .         Spirit   .   (helmet restricted)
rElec    .         Reflect  .   J - +2 cloak {MR+}
rCorr    .         Harm     .   F - +0 pair of gloves (curse)
MR       +++..                  s - +0 pair of boots
Stlth    ..........             x - amulet of regeneration
HPRegen  0.75/turn              Z - ring of protection from magic
MPRegen  0.20/turn              G - +4 ring of dexterity

@: very slow
A: retaliatory headbutt, horns 2
}: 1/15 runes: decaying
a: Bend Time, Temporal Distortion, Slouch, Step From Time, Renounce Religion,
Evoke Berserk Rage


You were on level 2 of the Elven Halls.
You worshipped Cheibriados.
Cheibriados was exalted by your worship.
You were not hungry.

You visited 6 branches of the dungeon, and saw 27 of its levels.
You also visited: Sewer and Gauntlet.

You collected 2415 gold pieces.
You spent 309 gold pieces at shops.

Inventory:

Hand Weapons
 Q - the +3 broad axe "Wames" (weapon) {chop, +Rage Str+8 Dex-2 SInv}
   (You found it in a Gauntlet)

   It inflicts extra damage upon your enemies.
   It affects your strength (+8).
   It affects your dexterity (-2).
   It lets you see invisible.
   It lets you go berserk.
Missiles
 a - 4 throwing nets (quivered) {!f}
 V - 309 steel javelins
Armour
 j - a +0 large shield (worn)
 s - a +0 pair of boots (worn)
 F - a cursed +0 pair of gloves (worn)
 J - a +2 cloak of magic resistance (worn)
 W - a +2 plate armour of cold resistance (worn)
Jewellery
 x - an amulet of regeneration (around neck)
 B - an uncursed amulet of the gourmand
 G - a +4 ring of dexterity (right hand)
 O - an uncursed amulet of the acrobat
 Z - a ring of protection from magic (left hand)
Wands
 b - a wand of digging (17)
 d - a wand of paralysis (19)
 l - a wand of clouds (8)
 C - a wand of enslavement (10)
 I - a wand of iceblast (9)
 K - a wand of acid (5)
 M - a wand of polymorph (45)
 R - a wand of disintegration (10)
Scrolls
 e - 9 scrolls of magic mapping
 h - 16 scrolls of teleportation
 i - a scroll of noise
 m - 2 scrolls of amnesia
 n - 13 scrolls of identify
 o - 2 scrolls of fear
 q - a scroll of enchant armour
 t - 2 scrolls of torment
 w - 3 scrolls of blinking
 A - 6 scrolls of remove curse
 D - 3 scrolls of fog
 H - a scroll of enchant weapon
 S - a scroll of vulnerability
 U - 2 scrolls of acquirement
Potions
 c - a potion of brilliance
 g - 4 potions of curing
 k - 6 potions of flight
 p - a potion of experience
 r - a potion of magic
 u - 4 potions of might
 v - 9 potions of agility
 z - 2 potions of resistance
 L - a potion of ambrosia
 N - 5 potions of mutation
 P - 4 potions of heal wounds
 X - 2 potions of cancellation
Miscellaneous
 y - a phial of floods
 T - a lightning rod (4/4)
Comestibles
 f - 37 rations {!d}


   Skills:
 + Level 14.1 Fighting
 + Level 22.7 Axes
 + Level 5.7 Throwing
 + Level 13.9 Armour
 - Level 2.6 Stealth
 + Level 14.1 Shields
 - Level 1.0 Spellcasting
 - Level 0.5 Hexes
 - Level 14.1 Invocations
 - Level 0.8 Evocations


You had 17 spell levels left.
You knew the following spells:

 Your Spells              Type           Power        Failure   Level  Hunger
a - Slow                  Hex            #.......     82%         1    ##.....

Your spell library contained the following spells:

 Spells                   Type           Power        Failure   Level  Hunger
 Corona                   Hex            #......      82%         1    ##.....
 Apportation              Tloc           #.....       87%         1    ##.....
 Infusion                 Chrm           #.......     87%         1    ##.....
 Magic Dart               Conj           #...         87%         1    ##.....
 Sandblast                Erth           #.....       87%         1    ##.....
 Summon Butterflies       Summ           #.......     87%         1    ##.....
 Ensorcelled Hibernation  Hex/Ice        #.....       94%         2    ###....
 Blink                    Tloc           N/A          95%         2    ###....
 Call Imp                 Summ           #.....       95%         2    ###....
 Corpse Rot               Necr           N/A          95%         2    ###....
 Flaming Arrows           Chrm/Fire      #.......     95%         2    ###....
 Searing Ray              Conj           #.....       95%         2    ###....
 Sublimation of Blood     Necr           #.........   95%         2    ###....
 Call Canine Familiar     Summ           #.......     99%         3    ####...
 Confuse                  Hex            #.......     99%         3    ####...
 Conjure Flame            Conj/Fire      #.......     99%         3    ####...
 Dazzling Spray           Conj/Hex       #.....       99%         3    ####...
 Iskenderun's Mystic Bla  Conj           #.......     99%         3    ####...
 Mephitic Cloud           Conj/Pois/Air  #.......     99%         3    ####...
 Spider Form              Tmut/Pois      #..          99%         3    ####...
 Tukima's Dance           Hex            #.......     99%         3    ####...
 Airstrike                Air            #.........   100%        4    #####..
 Fulminant Prism          Conj/Hex       #.........   100%        4    #####..
 Petrify                  Tmut/Erth      #.......     100%        4    #####..
 Summon Ice Beast         Ice/Summ       #.......     100%        4    #####..
 Yara's Violent Unravell  Hex/Tmut       #.........   100%        4    #####..
 Agony                    Necr           #.......     100%        5    ######.
 Bolt of Draining         Conj/Necr      #.........   100%        5    ######.
 Dispel Undead            Necr           #.......     100%        5    ######.
 Irradiate                Conj/Tmut      #.........   100%        5    ######.
 Iskenderun's Battlesphe  Conj/Chrm      #.......     100%        5    ######.
 Metabolic Englaciation   Hex/Ice        #.........   100%        5    ######.
 Summon Mana Viper        Hex/Summ       #.......     100%        5    ######.
 Borgnjor's Vile Clutch   Necr/Erth      #.........   100%        6    #######
 Darkness                 Hex            #.........   100%        6    #######
 Infestation              Hex/Tmut/Pois  #........    100%        6    #######
 Shadow Creatures         Summ           N/A          100%        6    #######
 Summon Hydra             Summ           #.........   100%        6    #######
 Mana Rupture             Conj/Hex       #.........   100%        7    #######
 Monstrous Menagerie      Summ           #.........   100%        7    #######
 Time Stop                Chrm/Tloc      N/A          100%        8    #######
 Tornado                  Air            #.........   100%        9    #######


Dungeon Overview and Level Annotations

Branches:
Dungeon (12/12)            Temple (0/1) D:4            Lair (6/6) D:7
  Swamp (3/3) Lair:3        Snake (3/3) Lair:3        Slime (0/5) Lair:5
    Orc (1/1) D:11            Elf (2/3) Orc          Vaults (0/3) D:11
 Depths (0/5) D:12

Altars:
Cheibriados
Dithmenos
Elyvilon
Fedhas
Gozag
Hepliaklqana
Lugonu
Makhleb
Nemelex Xobeh
Qazlal
Sif Muna
Uskayaw
Vehumet
Wu Jian
Yredelemnul
Zin
The Shining One
Jiyva

Shops:
D:5 ?   D:6 ?   D:11 *   D:12 (   Orc :!:*%   Elf:1 [%(?   Elf:2 :

Annotations:
D:7 2 transporters
D:8 3 runed translucent doors
D:9 2 runed translucent doors, PlayerOfArmor's ghost, novice SDTm
Lair:6 2 runed doors
Snake:3 Asterion
Elf:2 2 runed doors


Innate Abilities, Weirdness & Mutations

You reflexively headbutt those who attack you in melee.
You have a pair of horns on your head.


Message History

You slash the deep elf sorcerer! You headbutt the deep elf sorcerer.
The deep elf sorcerer is almost dead.
You block the deep elf sorcerer's attack.
The deep elf archer blinks!
You slash the deep elf sorcerer!
You kill the deep elf sorcerer!
Cheibriados thoroughly appreciates the change of pace.
You are too injured to fight recklessly!
You are too injured to fight recklessly!
The deep elf archer shoots an arrow.
You block the arrow.
The deep elf mage points at you and mumbles some strange words.
The bolt of lightning hits you!
The deep elf archer shoots an arrow.
You block the arrow. The deep elf mage casts a spell at you.
The bolt of lightning hits you!
* * * LOW HITPOINT WARNING * * *
The deep elf archer shoots an arrow.
You block the arrow. The deep elf mage casts a spell at you.
The bolt of lightning hits you!
You die...

..#......#.#......#...#...#
##..<.#....)...##..###.##..
..#.###..#)#...##.#...## .
.##.# ##..........#.###
.##.# ##.####.#e.#.# .##.#
#......#..#.###
.##.########.............
.##.......##....)..###...
.######.#.##...#@#.# .. .#
###.#.#####)..# . .#
##...#.).###)).# .#
##...)#....##...# ##
#....###....###... #...)#
#)...# ##.. #...## ##...#
...#.# # #...# #...# .(.e..
## #...## ##...# .##...


You could see a deep elf archer and a deep elf mage.

Vanquished Creatures
  Gastronok (Lair:3)
  Rupert (Lair:3)
  Jorgrun (D:11)
  3 nagarajas
  2 thorn hunters
  2 deep elf sorcerers
  A deep elf demonologist (Elf:2)
  A minotaur (Gauntlet)
  A deep elf high priest (Elf:1)
  3 fire dragons (Swamp:3)
  16 hydras
  A yaktaur captain (D:12)
  Harold (D:8)
  2 rakshasas
  A shambling mangrove (Swamp:1)
  2 ghost crabs
  5 naga warriors
  7 anacondas
  9 alligators
  4 death yaks (Lair:6)
  13 two-headed ogres
  2 centaur warriors
  11 dancing weapons
  2 ogre magi (D:12)
  An orc high priest (Orc)
  2 tengu warriors
  2 naga sharpshooters (Snake:1)
  10 spriggans
  Sonja (D:11)
  5 deep elf knights
  3 shock serpents
  Nergalle (D:10)
  A fire crab (Swamp:3)
  2 salamander mystics (Snake:2)
  2 spriggan druids
  A deep troll (shapeshifter) (D:11)
  An unseen horror (shapeshifter) (Gauntlet)
  A death drake (Swamp:3)
  6 swamp dragons
  Pikel (D:8)
  5 naga ritualists
  44 deep elf magi
  2 lindwurms
  9 deep elf archers
  5 mana vipers (Snake:1)
  3 ugly things
  6 orc sorcerers (Orc)
  5 salamanders (Snake:2)
  Joseph (Lair:1)
  11 naga magi
  Maurice (D:8)
  10 elephants
  A gargoyle (D:9)
  2 guardian serpents (Snake:1)
  2 molten gargoyles (Lair:6)
  A cane toad (shapeshifter) (D:11)
  15 cane toads
  25 black mambas
  A minotaur zombie (Gauntlet)
  A centaur skeleton (D:10)
  13 komodo dragons
  An efreet (D:12)
  A yaktaur (D:12)
  2 rime drakes
  A troll (D:8)
  A queen bee (shapeshifter) (D:9)
  A meliai (shapeshifter) (Gauntlet)
  A troll (shapeshifter) (D:12)
  10 tyrant leeches
  14 polar bears
  Grinder (D:6)
  A wind drake (shapeshifter) (D:11)
  11 hornets
  38 blink frogs
  A merfolk (Swamp:3)
  13 slime creatures
  3 bog bodies
  Prince Ribbit (D:8)
  5 hippogriffs
  6 flying skulls (Gauntlet)
  2 centaur simulacra (D:9)
  Sigmund (D:6)
  A spriggan (shapeshifter) (D:11)
  A vampire (D:9)
  A wraith (D:12)
  A water elemental (Elf:1)
  2 air elementals
  A large abomination (Gauntlet)
  A basilisk (shapeshifter) (Gauntlet)
  19 yaks
  9 wyverns
  Eustachio (D:6)
  A hog (shapeshifter) (D:12)
  A golden eye (shapeshifter) (Elf:2)
  A fire elemental (Elf:2)
  A steam dragon (Lair:6)
  4 hungry ghosts
  16 vampire mosquitoes
  4 basilisks
  13 swamp worms
  18 nagas
  A soldier ant (D:11)
  8 insubstantial wisps
  An acid dragon (D:9)
  13 crocodiles
  10 water moccasins
  5 hell hounds (Lair:6)
  9 porcupines
  A sky beast (D:7)
  3 slaves (D:8)
  10 swamp drakes
  4 small abominations (Gauntlet)
  Purgy (Sewer)
  3 ice beasts
  9 black bears
  13 orc warriors
  4 phantoms
  7 wolves
  6 ogres
  5 centaurs
  A centaur (shapeshifter) (Gauntlet)
  4 big kobolds
  15 bullfrogs
  3 earth elementals
  2 scorpions
  2 troll zombies (D:11)
  12 killer bees
  8 wights (D:7)
  5 howler monkeys
  4 electric eels
  2 crimson imps
  A bullfrog zombie (D:9)
  5 lava snakes (Lair:6)
  5 hounds
  A quasit (D:10)
  4 jellies
  A bullfrog skeleton (D:9)
  20 orc priests
  6 centaur zombies
  23 orc wizards
  4 worker ants
  Terence (D:2)
  4 ogre zombies (D:11)
  A hound zombie (D:6)
  A worker ant zombie (D:5)
  4 gnolls (D:8)
  A howler monkey zombie (D:5)
  16 adders
  A shadow imp (D:10)
  4 white imps (D:9)
  A worker ant simulacrum (D:9)
  2 oozes (D:5)
  4 worms
  2 dart slugs (D:1)
  An adder simulacrum (D:9)
  3 leopard geckos
  39 orcs
  2 ball pythons
  A giant cockroach (D:3)
  7 goblins
  6 hobgoblins
  13 jackals
  2 quokkas
  4 bats
  4 frilled lizards
  A goblin skeleton (D:11)
  4 goblin zombies (D:11)
  2 hobgoblin skeletons (D:11)
  2 hobgoblin zombies (D:11)
  A jackal skeleton (D:7)
  20 kobolds
  An orc skeleton (D:11)
  9 orc zombies (D:11)
  5 rats
  8 plants
924 creatures vanquished.

Vanquished Creatures (collateral kills)
  A hydra (Lair:3)
1 creature vanquished.

Vanquished Creatures (others)
  A swamp dragon (Swamp:3)
  A lindwurm (Swamp:3)
  2 steam dragons (Swamp:3)
  A slave (D:8)
  6 swamp drakes (Swamp:3)
  3 fungi
  A plant (Lair:3)
15 creatures vanquished.

Grand Total: 940 creatures vanquished

Notes
Turn   | Place    | Note
-------+----------+-------------------------------------------
     0 | D:1      | diana the Minotaur Sloth Apostle began the quest for the
                  | Orb.
     0 | D:1      | Reached XP level 1. HP: 18/18 MP: 1/1
   177 | D:1      | Reached XP level 2. HP: 24/25 MP: 2/2
   305 | D:1      | Reached skill level 3 in Axes
   383 | D:1      | Reached skill level 1 in Armour
   692 | D:2      | Found a hide-covered altar of Uskayaw.
   927 | D:2      | Noticed Terence
   942 | D:2      | Killed Terence
   942 | D:2      | Reached XP level 3. HP: 7/31 MP: 3/3
  1363 | D:2      | Found a glowing silver altar of Zin.
  1363 | D:2      | Found a glowing golden altar of the Shining One.
  1363 | D:2      | Found a white marble altar of Elyvilon.
  1733 | D:3      | Reached XP level 4. HP: 32/38 MP: 4/4
  1749 | D:3      | Reached * piety under Cheibriados
  1749 | D:3      | Reached skill level 4 in Axes
  2117 | D:3      | Reached XP level 5. HP: 45/45 MP: 5/5
  2859 | D:4      | Found a staircase to the Ecumenical Temple.
  2968 | D:4      | Reached ** piety under Cheibriados
  3146 | D:4      | Found a corrupted altar of Lugonu.
  3267 | D:4      | Found a hazy altar of Hepliaklqana.
  3375 | D:5      | Entered Level 5 of the Dungeon
  3375 | D:5      | Noticed a hungry ghost
  3386 | D:5      | Reached skill level 5 in Axes
  3386 | D:5      | Reached XP level 6. HP: 45/52 MP: 6/6
  3391 | D:5      | Killed a hungry ghost
  3398 | D:5      | Found Ebiog's Magic Scroll Boutique.
  3508 | D:5      | Reached skill level 6 in Axes
  3508 | D:5      | Reached XP level 7. HP: 47/60 MP: 7/7
  3788 | D:5      | Found a glowing drain.
  3803 | Sewer    | Entered a sewer
  3830 | Sewer    | Noticed Purgy
  3857 | Sewer    | Killed Purgy
  4132 | Sewer    | Reached skill level 5 in Shields
  4304 | D:5      | Reached skill level 5 in Fighting
  4357 | D:5      | Reached skill level 7 in Axes
  4362 | D:5      | Reached *** piety under Cheibriados
  4362 | D:5      | Reached XP level 8. HP: 68/69 MP: 8/8
  4712 | D:5      | Found a blossoming altar of Fedhas.
  4867 | D:5      | Bought a scroll of remove curse for 42 gold pieces
  4984 | D:6      | Reached skill level 5 in Armour
  5031 | D:6      | Noticed Grinder
  5031 | D:6      | Noticed Eustachio
  5040 | D:6      | Killed Grinder
  5040 | D:6      | Reached skill level 8 in Axes
  5055 | D:6      | Killed Eustachio
  5073 | D:6      | Noticed Sigmund
  5081 | D:6      | Killed Sigmund
  5136 | D:6      | Found Olinudy's Magic Scroll Emporium.
  5139 | D:6      | Got an iridescent trident
  5292 | D:6      | Found a shimmering blue altar of Sif Muna.
  5399 | D:6      | Reached skill level 9 in Axes
  5556 | D:6      | Reached XP level 9. HP: 78/78 MP: 9/9
  5620 | D:6      | Found a sparkling altar of Nemelex Xobeh.
  6536 | D:7      | Found a transporter.
  6537 | D:7      | Noticed a deep elf mage
  6537 | D:7      | Noticed a deep elf mage
  6540 | D:7      | Found an ornate altar of the Wu Jian Council.
  6540 | D:7      | Found a transporter.
  6566 | D:7      | Found a staircase to the Lair.
  6584 | D:7      | Reached skill level 10 in Axes
  6623 | D:7      | Reached **** piety under Cheibriados
  6730 | D:7      | Found a shadowy altar of Dithmenos.
  6813 | D:7      | Found a basalt altar of Yredelemnul.
  7481 | D:8      | Found a runed translucent gate.
  7482 | D:8      | Found a runed translucent gate.
  7482 | D:8      | Found a runed translucent gate.
  7482 | D:8      | Noticed a purple ugly thing
  7482 | D:8      | Noticed a white ugly thing
  7482 | D:8      | Noticed a white ugly thing
  7484 | D:8      | Noticed a brown ugly thing
  7488 | D:8      | Noticed a green ugly thing
  7599 | D:8      | Noticed Pikel
  7607 | D:8      | Killed Pikel
  7607 | D:8      | Reached skill level 11 in Axes
  7630 | D:8      | Noticed Maurice
  7642 | D:8      | Killed Maurice
  7642 | D:8      | Reached XP level 10. HP: 88/88 MP: 10/10
  7674 | D:8      | Noticed Harold
  7691 | D:8      | Killed Harold
  7956 | D:8      | Noticed a two-headed ogre
  7964 | D:8      | Killed a two-headed ogre
  8012 | D:8      | Found a stormy altar of Qazlal.
  8022 | D:8      | Found a radiant altar of Vehumet.
  8026 | D:8      | Noticed Prince Ribbit
  8033 | D:8      | Killed Prince Ribbit
  8033 | D:8      | Reached skill level 12 in Axes
  8678 | D:9      | Found a large runed translucent door.
  8678 | D:9      | Found a large runed translucent door.
  8678 | D:9      | Noticed PlayerOfArmor's ghost (novice SDTm)
  8898 | D:9      | Reached XP level 11. HP: 89/97 MP: 11/11
  9076 | D:9      | Found a burning altar of Makhleb.
  9101 | D:9      | Noticed a two-headed ogre
  9108 | D:9      | Killed a two-headed ogre
  9108 | D:9      | Reached ***** piety under Cheibriados
  9259 | D:9      | Reached skill level 13 in Axes
  9262 | D:9      | Noticed a brown ugly thing
  9274 | D:9      | Killed a brown ugly thing
  9539 | D:9      | Found a radiant altar of Vehumet.
  9581 | D:9      | Found an opulent altar of Gozag.
  9691 | D:9      | Found a snail-covered altar of Cheibriados.
  9783 | D:10     | Entered Level 10 of the Dungeon
  9810 | D:10     | Reached skill level 10 in Shields
  9812 | D:10     | Reached skill level 10 in Fighting
 10012 | D:10     | Noticed Nergalle
 10025 | D:10     | Killed Nergalle
 10539 | D:11     | Noticed a two-headed ogre
 10544 | D:11     | Killed a two-headed ogre
 10544 | D:11     | Reached skill level 10 in Armour
 10738 | D:11     | Noticed a fire crab
 10740 | D:11     | a fire crab changed into a cane toad
 10976 | D:11     | Reached skill level 14 in Axes
 11128 | Lair:1   | Entered Level 1 of the Lair of Beasts
 11145 | Lair:1   | Noticed Joseph
 11162 | Lair:1   | Killed Joseph
 11435 | Lair:1   | Reached XP level 12. HP: 105/108 MP: 12/12
 11477 | Lair:1   | Reached ****** piety under Cheibriados
 12237 | Lair:2   | Reached skill level 15 in Axes
 12238 | Lair:2   | Found a gate leading to a gauntlet.
 12358 | Gauntlet | Entered a Gauntlet
 12358 | Gauntlet | Found a transporter.
 12358 | Gauntlet | Found a transporter.
 12381 | Gauntlet | Found a transporter.
 12381 | Gauntlet | Found a transporter.
 12392 | Gauntlet | Found a transporter.
 12417 | Gauntlet | Found a transporter.
 12421 | Gauntlet | Found a transporter.
 12421 | Gauntlet | Found a transporter.
 12421 | Gauntlet | Noticed a balrug
 12425 | Gauntlet | Found a transporter.
 12440 | Gauntlet | Found a transporter.
 12447 | Gauntlet | Found a transporter.
 12465 | Gauntlet | Found a transporter.
 12512 | Gauntlet | Found a transporter.
 12524 | Gauntlet | Found a transporter.
 12628 | Gauntlet | Found a transporter.
 12640 | Gauntlet | Found a transporter.
 12822 | Gauntlet | Got a pitted broad axe
 12823 | Gauntlet | Identified the +3 broad axe "Wames" {chop, +Rage Str+8
                  | Dex-2 SInv} (You found it in a Gauntlet)
 13130 | Gauntlet | Noticed a minotaur
 13137 | Gauntlet | Killed a minotaur
 13301 | Gauntlet | Identified the Collected Works on Aerial Talismans
 14139 | Lair:3   | Found a staircase to the Snake Pit.
 14139 | Lair:3   | Found a staircase to the Swamp.
 14182 | Lair:3   | Noticed a six-headed hydra
 14189 | Lair:3   | Reached XP level 13. HP: 116/117 MP: 13/13
 14193 | Lair:3   | Reached skill level 16 in Axes
 14611 | Lair:3   | Noticed Rupert
 14621 | Lair:3   | Killed Rupert
 15058 | Lair:3   | Noticed Gastronok
 15066 | Lair:3   | Killed Gastronok
 15412 | Lair:4   | Reached skill level 1 in Invocations
 15439 | Lair:4   | Reached skill level 17 in Axes
 16272 | Lair:5   | Reached XP level 14. HP: 127/127 MP: 16/16
 16329 | Lair:5   | Reached skill level 5 in Invocations
 17137 | Lair:5   | Found a viscous altar of Jiyva.
 17138 | Lair:5   | Found a staircase to the Slime Pits.
 17280 | Lair:5   | Reached skill level 18 in Axes
 17437 | Lair:6   | Entered Level 6 of the Lair of Beasts
 17691 | Lair:6   | Got a scorched trident
 17747 | Lair:6   | Found a snail-covered altar of Cheibriados.
 18263 | Lair:6   | Found a large runed door.
 18265 | Lair:6   | Found a large runed door.
 19104 | D:11     | Found Xausua's General Store.
 19165 | D:11     | Found a staircase to the Orcish Mines.
 19272 | D:11     | Reached skill level 19 in Axes
 19336 | D:11     | Found a gate to the Vaults.
 19412 | D:11     | Noticed Sonja
 19457 | D:11     | Noticed Jorgrun
 19477 | D:11     | Killed Jorgrun
 19724 | D:11     | Killed Sonja
 19901 | Orc      | Entered the Orcish Mines
 20212 | Orc      | Found a staircase to the Elven Halls.
 20265 | Orc      | Found Gasenkei's Food Shoppe.
 20339 | Orc      | Reached XP level 15. HP: 25/134 MP: 15/21
 20707 | Orc      | Found Riatiw's Distillery.
 20707 | Orc      | Found Uneqeehana's Assorted Antiques.
 20708 | Orc      | Found Ubuskep's Book Shop.
 20715 | Orc      | Found Kintubutto's Book Boutique.
 20896 | Orc      | Bought a potion of curing for 42 gold pieces
 20896 | Orc      | Bought a potion of heal wounds for 70 gold pieces
 20899 | Orc      | Bought a potion of heal wounds for 155 gold pieces
 20959 | D:12     | Entered Level 12 of the Dungeon
 20977 | D:12     | Reached skill level 10 in Invocations
 21005 | D:12     | Reached skill level 20 in Axes
 21006 | D:12     | Found a blossoming altar of Fedhas.
 21207 | D:12     | Found Liudghea's Antique Weapon Emporium.
 21535 | D:12     | Found a staircase to the Depths.
 21699 | Elf:1    | Entered Level 1 of the Elven Halls
 21715 | Elf:1    | Found a radiant altar of Vehumet.
 22037 | Elf:1    | Found Marutt's Magic Scroll Boutique.
 22038 | Elf:1    | Found Tuetoh Ecia's Antique Weapon Boutique.
 22038 | Elf:1    | Found Jimusaeth's Food Shop.
 22043 | Elf:1    | Found Ogexoudgh's Antique Armour Shop.
 22043 | Elf:1    | Noticed a deep elf sorcerer
 22052 | Elf:1    | Killed a deep elf sorcerer
 22530 | Elf:1    | Reached XP level 16. HP: 24/141 MP: 14/24
 23434 | Snake:1  | Entered Level 1 of the Snake Pit
 23442 | Snake:1  | Reached skill level 21 in Axes
 26346 | Swamp:1  | Entered Level 1 of the Swamp
 26665 | Swamp:1  | Reached skill level 22 in Axes
 27624 | Swamp:2  | Reached skill level 1 in Throwing
 27966 | Swamp:2  | Noticed a thorn hunter
 27972 | Swamp:2  | Killed a thorn hunter
 28027 | Swamp:2  | Reached XP level 17. HP: 110/149 MP: 26/26
 28542 | Swamp:2  | Got a faintly humming chain mail
 28553 | Swamp:2  | Identified the +5 chain mail of a Million Mice {+Blink
                  | Str-4 Slay+2} (You found it on level 2 of the Swamp)
 28766 | Swamp:3  | Entered Level 3 of the Swamp
 30819 | Swamp:3  | Identified 2 scrolls of acquirement
 30819 | Swamp:3  | Got a decaying rune of Zot
 30912 | Swamp:3  | Identified the +7 fustibalus of Hatred {venom, rC+}
 30963 | Swamp:3  | Identified the cursed +0 buckler of Card Tricks {SInv}
 32306 | Snake:3  | Entered Level 3 of the Snake Pit
 32306 | Snake:3  | Noticed Asterion
 32583 | Elf:2    | Reached skill level 5 in Throwing
 32926 | Elf:2    | Found Boxugyic's Book Emporium.
 33043 | Elf:2    | Found a runed door.
 33068 | Elf:2    | Found a runed door.
 33100 | Elf:2    | Identified the cursed +1 rapier of Maemon {pierce, rF++}
 33120 | Elf:2    | Killed from afar by a deep elf mage

Skill      XL: |  1  2  3  4  5  6  7  8  9 10 11 12 13 14 15 16 17 |
---------------+----------------------------------------------------+-----
Axes           | 3 4 5 6 7 9 11 12 14 15 17 19 20 22 | 22.7
Armour         | 1 2 3 4 6 7 9 10 11 12 13 | 13.9
Fighting       | 3 4 5 6 8 9 10 11 12 13 14 | 14.1
Shields        | 3 4 5 6 8 9 10 11 12 14 | 14.1
Invocations    | 4 9 12 14 | 14.1
Throwing       | 2 5 |  5.7
Stealth        | |  2.6
Spellcasting   | |  1.0
Hexes          | |  0.5
Evocations     | |  0.8

Action                   |  1- 3 |  4- 6 |  7- 9 | 10-12 | 13-15 | 16-18 || total
-------------------------+-------+-------+-------+-------+-------+-------++-------
Melee: Hand axe          |    69 |    26 |    61 |       |       |       ||   156
       Headbutt          |     7 |    15 |    61 |   144 |   190 |   276 ||   693
       War axe           |       |    94 |   202 |   333 |       |       ||   629
       Broad axe         |       |       |       |    69 |   631 |   756 ||  1456
Invok: Slouch            |       |       |       |       |    14 |     3 ||    17
Evoke: Wand              |       |       |     4 |     4 |    19 |    16 ||    43
       Phantom mirror    |       |       |       |       |     1 |       ||     1
       Lightning rod     |       |       |       |       |       |     1 ||     1
  Use: Potion            |     2 |     1 |     5 |       |     1 |     6 ||    15
       Scroll            |       |       |     1 |     7 |    10 |     4 ||    22
 Stab: Sleeping          |     5 |     2 |       |       |       |       ||     7
       Paralysed         |       |       |     4 |     3 |       |     2 ||     9
       Distracted        |       |       |       |       |     1 |       ||     1
  Eat: Chunk             |     1 |     2 |     7 |     4 |    18 |    12 ||    44
       Ration            |     1 |     1 |       |     2 |       |     2 ||     6
Armor: Robe              |    15 |       |       |       |       |       ||    15
       Skin              |     6 |    18 |       |       |       |       ||    24
       Scale mail        |       |    42 |    50 |       |       |       ||    92
       Chain mail        |       |       |    57 |   148 |       |       ||   205
       Plate armour      |       |       |       |    12 |   229 |   372 ||   613
Dodge: Dodged            |    23 |    49 |    74 |   126 |   193 |   192 ||   657
Block: Shield            |    26 |    36 |    77 |   309 |   479 |   196 ||  1123
       Buckler           |       |     6 |    26 |       |       |       ||    32
       Large shield      |       |       |       |       |       |   590 ||   590
